PAA
CASPER GHOSTS @ LANNISTER UNITED LIONHEARTS
05/27/2022
 
TOP OF THE 1ST
Casper Ghosts batting - Pitching for Lannister United Lionhearts : LHP Greg Kelly
Pitching: LHP Greg Kelly
Batting: SHB Tim Fowler 0-0: Called Strike
0-1: Ball
1-1: Fly out, F9 (Flyball, 89S)
Batting: RHB Warner Robinson 0-0: Ball
1-0: Called Strike
1-1: Ball
2-1: Swinging Strike
2-2: Foul Ball, location: 2F
2-2: Ball
3-2: Base on Balls
Batting: RHB Phil Baker 0-0: Foul Ball, location: 2F
0-1: Ball
1-1: Ball
2-1: Ball
3-1: Base on Balls
Warner Robinson to second
Batting: RHB Ron Coffman 0-0: Foul Ball, location: 2F
0-1: Ball
1-1: Grounds into double play, 6-4-3 (Groundball, 6)
Top of the 1st over - 0 run(s), 0 hit(s), 0 error(s), 1 left on base; Casper 0 - Lannister United 0
BOTTOM OF THE 1ST
Lannister United Lionhearts batting - Pitching for Casper Ghosts : RHP Pat Pérez
Pitching: RHP Pat Pérez
Batting: RHB Héctor Ruíz 0-0: Ball
1-0: Ball
2-0: Ball
3-0: Called Strike
3-1: Fly out, F9 (Line Drive, 9M)
Batting: LHB Aurelio Aurillo 0-0: Called Strike
0-1: Ball
1-1: Called Strike
1-2: Strikes out swinging
Batting: LHB Eduardo Álvarez 0-0: Ball
1-0: Ball
2-0: Ball
3-0: Called Strike
3-1: Base on Balls
Batting: RHB Javier Chávez 0-0: Ball
Eduardo Álvarez is caught stealing 2nd base
Bottom of the 1st over - 0 run(s), 0 hit(s), 0 error(s), 0 left on base; Casper 0 - Lannister United 0
TOP OF THE 2ND
Casper Ghosts batting - Pitching for Lannister United Lionhearts : LHP Greg Kelly
Batting: SHB Erjan Kerstens 0-0: Foul Ball, location: 2F
0-1: Ball
1-1: Foul Ball, location: 2F
1-2: Ground out 6-3 (Groundball, 6)
Batting: RHB Anbrosio Oppenes 0-0: Swinging Strike
0-1: Ball
1-1: Ball
2-1: Ball
3-1: Base on Balls
Batting: LHB Kyle Mann 0-0: Called Strike
0-1: Ball
1-1: Ball
2-1: Called Strike
2-2: Ball
3-2: Base on Balls
Anbrosio Oppenes to second
Batting: RHB Roberto De La Cruz 0-0: Ball
1-0: Swinging Strike
1-1: Called Strike
1-2: Ground out 5-3 (Groundball, 56S)
Anbrosio Oppenes to third
Kyle Mann to second
Batting: LHB Harrison Jones 0-0: Ball
1-0: Foul Ball, location: 2F
1-1: SINGLE (Groundball, 56D)
Anbrosio Oppenes scores
Kyle Mann to third
Runner from 3rd tries for Home, SAFE, throw made home
Harrison Jones to second
Batting: SHB Tim Fowler 0-0: Called Strike
0-1: SINGLE (Groundball, 56D)
Harrison Jones to third
Runner from 3rd tries for Home, SAFE, no throw or cutoff
Batting: RHB Warner Robinson 0-0: Ball
Tim Fowler steals 2nd base
1-0: Ground out 5-3 (Groundball, 56)
Top of the 2nd over - 3 run(s), 2 hit(s), 0 error(s), 1 left on base; Casper 3 - Lannister United 0
BOTTOM OF THE 2ND
Lannister United Lionhearts batting - Pitching for Casper Ghosts : RHP Pat Pérez
Batting: RHB Javier Chávez 0-0: Ball
1-0: Swinging Strike
1-1: Called Strike
1-2: SINGLE (Flyball, 9S)
Batting: LHB Guy Riley 0-0: Fly out, F5 (Popup, 5F)
Batting: RHB Carlos Pacheco 0-0: Ball
1-0: Foul Ball, location: 2F
1-1: Foul Ball, location: 2F
1-2: Ball
Javier Chávez steals 2nd base
2-2: Ground out 6-3 (Groundball, 6)
Javier Chávez to third
Batting: LHB Shang-de Zhang 0-0: Called Strike
0-1: Ball
1-1: Ball
2-1: Ball
3-1: Foul Ball, location: 2F
3-2: Ground out 4-3 (Groundball, 4M)
Bottom of the 2nd over - 0 run(s), 1 hit(s), 0 error(s), 1 left on base; Casper 3 - Lannister United 0
TOP OF THE 3RD
Casper Ghosts batting - Pitching for Lannister United Lionhearts : LHP Greg Kelly
Batting: RHB Phil Baker 0-0: Foul Ball, location: 2F
0-1: Ball
1-1: Foul Ball, location: 2F
1-2: Ball
2-2: Fly out, F7 (Line Drive, 78S)
Batting: RHB Ron Coffman 0-0: Foul Ball, location: 2F
0-1: Fly out, F5 (Popup, 5SF)
Batting: SHB Erjan Kerstens 0-0: Foul Ball, location: 2F
0-1: Swinging Strike
0-2: Ball
1-2: Ball
2-2: Ball
3-2: Foul Ball, location: 2F
3-2: Foul Ball, location: 2F
3-2: Foul Ball, location: 2F
3-2: Ground out 5-3 (Groundball, 56S)
Top of the 3rd over - 0 run(s), 0 hit(s), 0 error(s), 0 left on base; Casper 3 - Lannister United 0
BOTTOM OF THE 3RD
Lannister United Lionhearts batting - Pitching for Casper Ghosts : RHP Pat Pérez
Batting: RHB Sancho Balderas 0-0: Ball
1-0: Called Strike
1-1: Ball
2-1: Ground out 6-3 (Groundball, 6)
Batting: RHB Pedro Herrera 0-0: Foul Ball, location: 2F
0-1: Ball
1-1: Ball
2-1: Swinging Strike
2-2: Foul Ball, location: 2F
2-2: Foul Ball, location: 2F
2-2: Foul Ball, location: 2F
2-2: Strikes out looking
Batting: RHB Héctor Ruíz 0-0: Ball
1-0: Ball
2-0: Ball
3-0: Called Strike
3-1: Foul Ball, location: 2F
3-2: Foul Ball, location: 2F
3-2: Foul Ball, location: 2F
3-2: Fly out, F9 (Flyball, 9LM)
Bottom of the 3rd over - 0 run(s), 0 hit(s), 0 error(s), 0 left on base; Casper 3 - Lannister United 0
TOP OF THE 4TH
Casper Ghosts batting - Pitching for Lannister United Lionhearts : LHP Greg Kelly
Batting: RHB Anbrosio Oppenes 0-0: Called Strike
0-1: Called Strike
0-2: Foul Ball, location: 2F
0-2: Fly out, F7 (Popup, 7S)
Batting: LHB Kyle Mann 0-0: Fly out, F5 (Popup, 5DF)
Batting: RHB Roberto De La Cruz 0-0: Called Strike
0-1: Called Strike
0-2: SINGLE (Line Drive, 34D)
Batting: LHB Harrison Jones 0-0: Fly out, F7 (Flyball, 7S)
Top of the 4th over - 0 run(s), 1 hit(s), 0 error(s), 1 left on base; Casper 3 - Lannister United 0
BOTTOM OF THE 4TH
Lannister United Lionhearts batting - Pitching for Casper Ghosts : RHP Pat Pérez
Batting: LHB Aurelio Aurillo 0-0: Called Strike
0-1: Ball
1-1: Ground out 4-3 (Groundball, 4)
Batting: LHB Eduardo Álvarez 0-0: Called Strike
0-1: Ball
1-1: Ground out 5-3 (Groundball, 56S)
Batting: RHB Javier Chávez 0-0: Called Strike
0-1: Ball
1-1: Ball
2-1: Ground out 1-3 (Groundball, 15)
Bottom of the 4th over - 0 run(s), 0 hit(s), 0 error(s), 0 left on base; Casper 3 - Lannister United 0
TOP OF THE 5TH
Casper Ghosts batting - Pitching for Lannister United Lionhearts : LHP Greg Kelly
Batting: SHB Tim Fowler 0-0: Called Strike
0-1: Called Strike
0-2: Strikes out looking
Batting: RHB Warner Robinson 0-0: Foul Ball, location: 2F
0-1: Ball
1-1: Ball
2-1: SINGLE (Line Drive, 6MD)
Batting: RHB Phil Baker 0-0: Ball
1-0: Grounds into double play, 4-6-3 (Groundball, 4)
Top of the 5th over - 0 run(s), 1 hit(s), 0 error(s), 0 left on base; Casper 3 - Lannister United 0
BOTTOM OF THE 5TH
Lannister United Lionhearts batting - Pitching for Casper Ghosts : RHP Pat Pérez
Batting: LHB Guy Riley 0-0: Foul Ball, location: 2F
0-1: Ball
1-1: Ball
2-1: Called Strike
2-2: Fly out, F8 (Line Drive, 8LM)
Batting: RHB Carlos Pacheco 0-0: Ball
1-0: Called Strike
1-1: Fly out, F8 (Flyball, 8RS)
Batting: LHB Shang-de Zhang 0-0: Fly out, F9 (Flyball, 89M)
Bottom of the 5th over - 0 run(s), 0 hit(s), 0 error(s), 0 left on base; Casper 3 - Lannister United 0
TOP OF THE 6TH
Casper Ghosts batting - Pitching for Lannister United Lionhearts : LHP Greg Kelly
Batting: RHB Ron Coffman 0-0: Foul Ball, location: 2F
0-1: SINGLE (Line Drive, 7LS)
Batting: SHB Erjan Kerstens 0-0: Ball
1-0: Foul Ball, location: 2F
1-1: Fly out, F8 (Flyball, 8LD)
Batting: RHB Anbrosio Oppenes 0-0: Called Strike
0-1: Foul Ball, location: 2F
0-2: Strikes out swinging
Batting: LHB Kyle Mann 0-0: Ball
1-0: SINGLE (Line Drive, 9LS)
Ron Coffman to second
Batting: RHB Roberto De La Cruz 0-0: Ground out 6-3 (Groundball, 56)
Top of the 6th over - 0 run(s), 2 hit(s), 0 error(s), 2 left on base; Casper 3 - Lannister United 0
BOTTOM OF THE 6TH
Lannister United Lionhearts batting - Pitching for Casper Ghosts : RHP Pat Pérez
Batting: RHB Sancho Balderas 0-0: Ground out 6-3 (Groundball, 6)
Batting: RHB Pedro Herrera 0-0: Foul Ball, location: 2F
0-1: Foul Ball, location: 2F
0-2: Ball
1-2: Ball
2-2: Foul Ball, location: 2F
2-2: Ball
3-2: SINGLE (Line Drive, 7S)
Batting: RHB Héctor Ruíz 0-0: Ball
1-0: Called Strike
1-1: Ball
2-1: Called Strike
2-2: Fly out, F7 (Flyball, 7M)
Batting: LHB Aurelio Aurillo 0-0: Ball
1-0: Ball
2-0: Called Strike
2-1: Foul Ball, location: 2F
2-2: SINGLE (Groundball, 4)
Pedro Herrera to second
Pedro Herrera to third
Batting: LHB Eduardo Álvarez 0-0: Called Strike
0-1: Swinging Strike
0-2: SINGLE (Groundball, 25) (infield hit)
Pedro Herrera scores
Aurelio Aurillo to second
Batting: RHB Javier Chávez 0-0: Swinging Strike
0-1: Foul Ball, location: 2F
0-2: SINGLE (Groundball, 6)
Aurelio Aurillo to third
Eduardo Álvarez to second
Runner from 3rd tries for Home, SAFE, no throw or cutoff
Batting: LHB Guy Riley 0-0: Ball
1-0: Called Strike
1-1: SINGLE (Line Drive, 8LS)
Eduardo Álvarez to third
Javier Chávez to second
Runner from 3rd tries for Home, SAFE, no throw or cutoff
Batting: RHB Carlos Pacheco 0-0: Foul Ball, location: 2F
0-1: Ball
1-1: Foul Ball, location: 2F
1-2: SINGLE (Groundball, 34)
Javier Chávez to third
Guy Riley to second
Runner from 3rd tries for Home, SAFE, no throw or cutoff
Batting: LHB Shang-de Zhang 0-0: Called Strike
0-1: SINGLE (Groundball, 3D)
Guy Riley to third
Carlos Pacheco to second
Runner from 3rd tries for Home, throw and OUT!
Bottom of the 6th over - 4 run(s), 7 hit(s), 0 error(s), 2 left on base; Casper 3 - Lannister United 4
TOP OF THE 7TH
Casper Ghosts batting - Pitching for Lannister United Lionhearts : LHP Greg Kelly
Batting: LHB Harrison Jones 0-0: Ball
1-0: Swinging Strike
1-1: SINGLE (Line Drive, 89S)
Pitching: RHP Tom Rosas
Pinch Hitting: SHB José Juárez 0-0: Bunted foul
0-1: Bunted foul
0-2: Fly out, F7 (Flyball, 78M)
Batting: RHB Warner Robinson 0-0: Called Strike
0-1: Swinging Strike
0-2: Ball
1-2: Strikes out swinging
Batting: RHB Phil Baker 0-0: Called Strike
0-1: Ball
1-1: Foul Ball, location: 2F
1-2: Ball
2-2: Fly out, F7 (Flyball, 78D)
Top of the 7th over - 0 run(s), 1 hit(s), 0 error(s), 1 left on base; Casper 3 - Lannister United 4
BOTTOM OF THE 7TH
Lannister United Lionhearts batting - Pitching for Casper Ghosts : RHP Pat Pérez
Now at 2B: Israel Sanders
Batting: RHB Sancho Balderas 0-0: SINGLE (Groundball, 56D)
Pinch Hitting: LHB Carl Duncan 0-0: Ball
1-0: Bunt missed!
1-1: Ball
2-1: Ball
3-1: Sac Bunt - play at first, batter OUT! 1-4
Sancho Balderas to second
Pitching: LHP Jeffrey Brown
Batting: RHB Héctor Ruíz 0-0: Intentional Walk
Pinch Hitting: RHB Brian King 0-0: Ball
1-0: Swinging Strike
1-1: Ball
Sancho Balderas steals 3rd base
Héctor Ruíz to second
2-1: Intentional Walk
Batting: LHB Gabriel Córdova 0-0: Foul Ball, location: 2F
0-1: Foul Ball, location: 2F
0-2: Foul Ball, location: 2F
0-2: Ball
1-2: Ball
2-2: Foul Ball, location: 2F
2-2: Foul Ball, location: 2F
2-2: Ball
3-2: Foul Ball, location: 2F
3-2: Foul Ball, location: 2F
3-2: Base on Balls
Sancho Balderas scores
Héctor Ruíz to third
Brian King to second
Batting: RHB Javier Chávez 0-0: Swinging Strike
0-1: Ball
1-1: Ball
2-1: Foul Ball, location: 2F
2-2: Fly out, F3 (Popup, 3D)
Batting: LHB Guy Riley 0-0: Called Strike
0-1: Ground out 1-3 (Groundball, 15)
Bottom of the 7th over - 1 run(s), 1 hit(s), 0 error(s), 3 left on base; Casper 3 - Lannister United 5
TOP OF THE 8TH
Casper Ghosts batting - Pitching for Lannister United Lionhearts : RHP Tom Rosas
Now at 1B: Cale Beazley
Now at 2B: Brian King
Now in LF: Gabriel Córdova
Batting: RHB Ron Coffman 0-0: Swinging Strike
0-1: Ball
1-1: Foul Ball, location: 2F
1-2: Ball
2-2: DOUBLE (Line Drive, 7LM)
Pitching: LHP Manuel Franco
Batting: SHB Erjan Kerstens 0-0: Ground out 5-3 (Groundball, 56)
Pitching: RHP Gonçalo Conxacha
Batting: RHB Anbrosio Oppenes 0-0: Ball
1-0: Called Strike
1-1: Ball
2-1: DOUBLE (Line Drive, 8LXD)
Ron Coffman scores
Pinch Hitting: RHB Lorenzo Díaz 0-0: Ball
1-0: Ball
2-0: Called Strike
2-1: Foul Ball, location: 2F
2-2: Ball
3-2: SINGLE (Line Drive, 9S)
Anbrosio Oppenes to third
Pinch Hitting: SHB Alonso Rodríguez 0-0: Foul Ball, location: 2F
0-1: Ball
1-1: Ball
2-1: Ball
3-1: Called Strike
3-2: Foul Ball, location: 2F
3-2: Grounds into double play, 4-6-3 (Groundball, 4)
Top of the 8th over - 1 run(s), 3 hit(s), 0 error(s), 1 left on base; Casper 4 - Lannister United 5
BOTTOM OF THE 8TH
Lannister United Lionhearts batting - Pitching for Casper Ghosts : LHP Jeffrey Brown
Now at SS: Lorenzo Díaz
Now in RF: Alonso Rodríguez
Batting: RHB Carlos Pacheco 0-0: Ball
1-0: Ball
2-0: Called Strike
2-1: Foul Ball, location: 2F
2-2: SINGLE (Line Drive, 8LS)
Batting: LHB Shang-de Zhang 0-0: Called Strike
0-1: Bunted foul
0-2: Ball
1-2: DOUBLE (Flyball, 9D)
Carlos Pacheco to third
Batting: RHB Sancho Balderas 0-0: Ball
1-0: Ball
2-0: Foul Ball, location: 2F
2-1: Ball
3-1: Called Strike
3-2: SINGLE (Flyball, 8LS)
Carlos Pacheco scores
Shang-de Zhang to third
Throwing error, E8
Shang-de Zhang scores
Sancho Balderas to second
Batting: RHB Cale Beazley 0-0: Ball
1-0: Called Strike
1-1: Ball
2-1: Called Strike
2-2: Foul Ball, location: 2F
2-2: Strikes out swinging
Batting: RHB Héctor Ruíz 0-0: Hit by Pitch
Batting: RHB Brian King 0-0: Called Strike
0-1: Ball
1-1: SINGLE (Line Drive, 34S)
Sancho Balderas to third
Héctor Ruíz to second
Runner from 3rd tries for Home, throw and OUT!
Héctor Ruíz to third
Brian King to second
Batting: LHB Gabriel Córdova 0-0: Ball
Wild Pitch!
Héctor Ruíz scores
Brian King to third
1-0: Ball
2-0: Ball
3-0: Base on Balls
Pitching: RHP Álex López
Batting: RHB Javier Chávez 0-0: Foul Ball, location: 2F
0-1: Ball
1-1: Swinging Strike
1-2: Fielders Choice at 2nd, 6-4 (Groundball, 6MS)
Bottom of the 8th over - 3 run(s), 4 hit(s), 1 error(s), 1 left on base; Casper 4 - Lannister United 8
TOP OF THE 9TH
Casper Ghosts batting - Pitching for Lannister United Lionhearts : RHP Gonçalo Conxacha
Batting: LHB Harrison Jones 0-0: Called Strike
0-1: Ball
1-1: Ball
2-1: Ball
3-1: Foul Ball, location: 2F
3-2: Base on Balls
Batting: RHB Israel Sanders 0-0: Ball
1-0: Ball
2-0: Swinging Strike
2-1: Called Strike
2-2: Ball
3-2: Strikes out swinging
Batting: RHB Warner Robinson 0-0: Called Strike
0-1: Ball
1-1: Called Strike
1-2: Ball
2-2: Foul Ball, location: 2F
2-2: Ball
3-2: Ground out U3 (Groundball, 3S)
Harrison Jones to second
Batting: RHB Phil Baker 0-0: Ball
1-0: Ball
2-0: Ball
3-0: Called Strike
3-1: Called Strike
3-2: Strikes out swinging
Top of the 9th over - 0 run(s), 0 hit(s), 0 error(s), 1 left on base; Casper 4 - Lannister United 8
This league is powered by Out of the Park Baseball, the baseball management simulation game for PC, Mac and Linux
Friday, April 15th, 2016 - OOTP Baseball 16.9 Build 39